 Dungeon Crawl Stone Soup version 0.30-a0-1035-g38d5fb2972 (webtiles) character file.

Game seed: 7671163001628578772

256 cdice the Trooper (level 6, 0/62 HPs)
             Began as an Ogre Reaver on Apr 9, 2023.
             Slain by an orc wizard
             ... wielding a +0 dagger
              (1 damage)
             ... on level 4 of the Dungeon.
             The game lasted 00:08:51 (5179 turns).

cdice the Trooper (Ogre Reaver)                     Turns: 5179, Time: 00:08:51

Health: 0/62       AC:  3    Str: 17    XL:     6   Next: 16%
Magic:  10/10      EV: 10    Int: 16    God:
Gold:   133        SH:  0    Dex:  7    Spells: 1/12 levels left

rFire   . . .      SeeInvis .    a - +0 falchion
rCold   . . .      Faith    .    (no shield)
rNeg    . . .      Spirit   .    b - +0 robe
rPois   .          Reflect  .    s - +0 hat
rElec   .          Rampage  .    (no cloak)
rCorr   .                        (gloves unavailable)
Will    .....                    (boots unavailable)
Stlth   +                        (no amulet)
HPRegen 0.30/turn                k - ring of wizardry
MPRegen 0.12/turn                (no ring)

@: no status effects
A: large, unfitting armour, tough skin 1, low MP 1
a: no special abilities


You were on level 4 of the Dungeon.
You visited 1 branch of the dungeon, and saw 5 of its levels.

You collected 133 gold pieces.

Inventory:

Hand Weapons
 a - a +0 falchion (weapon)
 e - a +2 vampiric dagger
Armour
 b - a +0 robe (worn)
 s - a +0 hat (worn)
Jewellery
 k - a ring of wizardry (left hand)
Scrolls
 c - a scroll of blinking
 d - 3 scrolls of teleportation
 i - a scroll of identify
 j - a scroll of noise
 m - 2 scrolls of enchant weapon
 n - 2 scrolls of immolation
 q - a scroll of fog
Potions
 f - 2 potions of brilliance
 g - a potion of haste
 l - 2 potions of cancellation
 p - a potion of flight


   Skills:
 * Level 4.2 Fighting
 + Level 3.7 Long Blades
 + Level 2.7 Dodging
 + Level 1.1 Stealth
 * Level 3.7 Spellcasting
 + Level 2.8 Conjurations
 + Level 1.3 Necromancy


You had one spell level left.
You knew the following spells:

 Your Spells              Type           Power      Damage    Failure   Level
a - Kiss of Death         Conj/Necr      36%        2d8       3%          1
b - Momentum Strike       Conj/Tloc      14%        3d8       6%          2
c - Hailstorm             Conj/Ice       7%         3d4       12%         3
d - Vampiric Draining     Necr           7%         2d6       12%         3
e - Scorch                Fire           6%         2d5       11%         2

Your spell library contained the following spells:

 Spells                   Type           Power      Damage    Failure   Level
 Necrotise                Necr           28%        1d5       4%          1
 Flame Wave               Conj/Fire      7%         2d5       34%         4
 Agony                    Necr           7%         N/A       69%         5
 Summon Cactus Giant      Summ           1%         N/A       100%        6


Dungeon Overview and Level Annotations

Branches:
Dungeon (5/15)
 Temple: D:4-7

Altars:
Uskayaw
The Shining One


Innate Abilities, Weirdness & Mutations

You are too large for most types of armour.
You have tough skin. (AC +1)
Your magical capacity is low. (-10% MP)


Message History

The orc wizard is moderately wounded.
The orc wizard gestures at you while chanting.
The puff of flame hits you.
* * * LOW HITPOINT WARNING * * *
You catch the helpless orc wizard completely off-guard!
You hit the orc wizard but do no damage.
The orc wizard is moderately wounded.
You cannot move.
You cannot move.
You feel less wooden.
Your +0 hat unmelds from your body.
Your +0 robe unmelds from your body.
You flicker for a moment.
The orc wizard hits you but does no damage.
You closely miss the orc wizard.
The orc wizard is moderately wounded.
The orc wizard hits you with a +0 dagger.
* * * LOW HITPOINT WARNING * * *
You barely miss the orc wizard.
The orc wizard is moderately wounded.
The orc wizard hits you with a +0 dagger.
* * * LOW HITPOINT WARNING * * *
You closely miss the orc wizard.
The orc wizard is moderately wounded.
The orc wizard hits you but does no damage.
You catch the helpless orc wizard completely off-guard!
You hit the orc wizard.
The orc wizard is moderately wounded.
You flicker back into view.
The orc wizard mumbles some strange words.
The orc wizard flickers and vanishes!
Deactivating autopickup; reactivate with Ctrl-A.
You hit something but do no damage. Something hits you.
* * * LOW HITPOINT WARNING * * *
You closely miss something.
You hear some strange, mumbled words.
Something tries to affect you, but you resist.
Something hits you.
* * * LOW HITPOINT WARNING * * *
You miss something. Something hits you.
You die...

#........#.#..#..
#..........#.###.
#........###.###.
##........###.#...
##.........#.....##
#..........#....##
#.........##....#
#.)..)....###..##
#.@{......##..##
#.).......##.##
##...........#
#.........####
#.........#
#.........#
#.........#
#.........#
##.......##


There were no monsters in sight!

Vanquished Creatures
  A hound (D:4)
  2 iguanas (D:4)
  8 adders
  3 worms (D:2)
  A dart slug (D:3)
  An orc (D:4)
  10 endoplasms
  4 giant cockroaches
  6 goblins
  4 hobgoblins
  2 jackals (D:3)
  5 quokkas
  8 ball pythons
  5 bats
  6 frilled lizards
  9 kobolds
  8 rats
83 creatures vanquished.

Vanquished Creatures (others)
  An orc wizard (D:4)
1 creature vanquished.

Grand Total: 84 creatures vanquished

Notes
Turn   | Place    | Note
-------+----------+-------------------------------------------
     0 | D:1      | cdice the Ogre Reaver began the quest for the Orb.
     0 | D:1      | Reached XP level 1. HP: 22/22 MP: 3/3
   179 | D:1      | Reached XP level 2. HP: 19/29 MP: 5/5
   272 | D:1      | Reached skill level 3 in Fighting
   774 | D:1      | Reached XP level 3. HP: 32/37 MP: 7/7
  1035 | D:1      | Found a faded altar of an unknown god.
  2006 | D:2      | Learned a level 2 spell: Momentum Strike
  2010 | D:2      | Learned a level 3 spell: Hailstorm
  2092 | D:2      | Reached XP level 4. HP: 27/45 MP: 8/8
  3711 | D:3      | Reached XP level 5. HP: 29/54 MP: 6/9
  3879 | D:3      | Found a hide-covered altar of Uskayaw.
  3880 | D:3      | Found a glowing golden altar of the Shining One.
  4076 | D:4      | Reached skill level 4 in Fighting
  4294 | D:4      | Learned a level 3 spell: Vampiric Draining
  4360 | D:4      | Reached skill level 1 in Stealth
  4416 | D:4      | Reached skill level 1 in Necromancy
  4521 | D:4      | Learned a level 2 spell: Scorch
  4670 | D:4      | Reached XP level 6. HP: 48/62 MP: 6/11
  5114 | D:5      | Entered Level 5 of the Dungeon
  5129 | D:4      | Gained mutation: Your magical capacity is low. (-10% MP)
                  | [potion of mutation]
  5134 | D:4      | HP: 4/93 [orc/+0 club (2)]
  5178 | D:4      | HP: 1/62 [something (4)]
  5179 | D:4      | Slain by an orc wizard

Illustrated notes

Levels and vault maps discovered:
D:1:      dpeg_arrival_orchard, layout_basic, shapermc_ecumenical_altar_petra
D:2:      layout_basic, nrook_mini_backslash, minivault_24
D:3:      layout_loops_ring, gammafunk_temple_overflow_pools
D:4:      layout_rooms, minivault_14, amethyst_killhole, hangedman_glass_teeth,
          nicolae_underground_beach
D:5:      layout_gridville, kennysheep_mini, mainiacjoe_overflow_alcove_2,
          serial_co_window_serial, co_window_corner_a, co_window_corner_a,
          co_window_corner_a, co_window_corner_a, co_window_cross_1,
          co_window_of_opportunity_a, co_window_paths_a,
          co_window_unsneaky_path_b, co_window_broadway_b, co_window_2corner,
          co_window_2corner, co_window_unsneaky_path_b, co_window_corner_b,
          co_window_of_opportunity_b, glass_columns_b, glass_columns_b,
          glass_columns_a, glass_columns_b, glass_columns_a, serial_shops, shop,
          serial_park_tiny_2, nrook_mini_vaults, uniq_prince_ribbit1,
          uniq_blork_the_orc, uniq_ijyb

Skill      XL: |  1  2  3  4  5 |
---------------+----------------+-----
Fighting       | 3 4 |  4.2
Long Blades    | 3 |  3.7
Spellcasting   | 3 |  3.7
Dodging        | 2 |  2.7
Stealth        | 1 |  1.1
Necromancy     | 1 |  1.3
Conjurations   | |  2.8

Action                     |  1- 3 |  4- 6 || total
---------------------------+-------+-------++-------
  Melee: Falchion          |   234 |   215 ||   449
         Punch             |     3 |     1 ||     4
   Cast: Hailstorm         |     1 |     1 ||     2
         Momentum Strike   |       |     9 ||     9
         Vampiric Draining |       |     4 ||     4
         Scorch            |       |     5 ||     5
    Use: Potion            |     2 |     5 ||     7
         Scroll            |       |     9 ||     9
   Stab: Sleeping          |       |     2 ||     2
         Invisible         |       |     3 ||     3
 Armour: Robe              |    90 |    66 ||   156
         Skin              |       |    15 ||    15
  Dodge: Dodged            |   126 |   106 ||   232

Table legend: (Time is in decaauts)
 A = Elapsed time spent in this place.
 B = Non-inter-level travel time spent in this place.
 C = Inter-level travel time spent in this place.
 D = Time resting spent in this place.
 E = Time spent auto-exploring this place.
 F = Levels seen in this place.
 G = Mean time per level.
                   A        B        C        D        E       F      G
               +--------+--------+--------+--------+--------+-----+--------+
         Total |   5238 |   5123 |    115 |   1478 |   2740 |   5 | 1047.6 |
       Dungeon |   5238 |   5123 |    115 |   1478 |   2740 |   5 | 1047.6 |
               +--------+--------+--------+--------+--------+-----+--------+

Top non-repeatable levels by time:
     D:1: 1468 daAuts
     D:3: 1442 daAuts
     D:4: 1247 daAuts
     D:2: 1077 daAuts
     D:5: 1 daAuts
